Map: Orbitalwerft

Players

Silver - Winner!

  • Race: Protoss Protoss
  • League: Silver

Duran

  • Race: Protoss Protoss
  • League: Silver

VOD

Have the link to the VOD?

Description

Time

  • Played on: Feb. 20, 2016, 10:31 a.m.
  • Length: 12:40
Show
View Real Time Build Order
Export as new Build Order

Silver Protoss - Winner!

Build Orders:  

Get SALT Encoding   

  12  0:01  Probe (Chrono Boost)  
  13  0:11  Probe (Chrono Boost)  
  14  0:18  Pylon  
  14  0:23  Probe (Chrono Boost)  
  15  0:36  Probe (Chrono Boost)  
  15  0:38  Gateway  
  16  0:47  Probe (Chrono Boost)  
  16  0:48  Assimilator  
  17  0:57  Probe (Chrono Boost)  
  18  1:06  Pylon  
  18  1:08  Probe (Chrono Boost)  
  19  1:18  Probe (Chrono Boost)  
  20  1:26  Cybernetics Core  
  20  1:29  Probe (Chrono Boost)  
  20  1:32  Zealot  
  23  1:39  Probe (Chrono Boost)  
  24  1:50  Probe (Chrono Boost)  
  25  1:59  Zealot  
  25  2:01  Probe (Chrono Boost)  
  28  2:07  Warp Gate  
  28  2:11  Probe (Chrono Boost)  
  29  2:22  Nexus  
  29  2:26  Probe (Chrono Boost)  
  30  2:36  Probe (Chrono Boost)  
  31  2:45  Pylon  
  31  2:51  Pylon  
  31  2:54  Pylon  
  31  3:03  Mothership Core (Chrono Boost), Zealot  
  35  3:22  Probe (Chrono Boost), Pylon  
  35  3:24  Pylon  
  36  3:39  Probe x2 (Chrono Boost)  
  38  3:49  Zealot  
  38  3:50  Probe (Chrono Boost)  
  41  3:59  Gateway  
  41  4:01  Gateway  
  41  4:03  Pylon  
  41  4:05  Pylon  
  41  4:07  Pylon x2  
  41  4:09  Probe x2 (Chrono Boost)  
  43  4:11  Forge  
  43  4:16  Zealot  
  45  4:19  Probe x2 (Chrono Boost)  
  47  4:30  Robotics Facility  
  47  4:33  Pylon  
  47  4:37  Pylon  
  47  4:43  Zealot  
  49  4:46  Protoss Ground Armor Level 1  
  49  4:54  Photon Cannon  
  49  5:00  Zealot  
  49  5:01  Zealot  
  49  5:04  Photon Cannon  
  51  5:10  Zealot  
  53  5:27  Zealot  
  53  5:28  Zealot  
  57  5:29  Twilight Council  
  57  5:35  Gateway  
  57  5:37  Gateway  
  57  5:38  Gateway, Zealot  
  57  5:40  Gateway  
  59  5:47  Observer  
  60  5:52  Probe x2 (Chrono Boost)  
  60  5:55  Zealot x2  
  66  6:03  Probe x2 (Chrono Boost)  
  68  6:05  Zealot  
  68  6:08  Observer  
  71  6:13  Probe (Chrono Boost)  
  72  6:22  Zealot x2  
  76  6:29  Observer  
  77  6:33  Photon Cannon  
  77  6:37  Photon Cannon  
  75  6:41  Zealot x5  
  85  6:51  Zealot x2  
  89  7:05  Protoss Ground Armor Level 2  
  89  7:08  Zealot x3  
  95  7:09  Zealot x2  
  99  7:18  Zealot x2  
  103  7:35  Zealot x3  
  103  7:36  Zealot  
  103  7:37  Zealot  
  109  7:45  Zealot x2  
  87  8:02  Zealot x3  
  87  8:03  Zealot  
  87  8:04  Zealot  
  89  8:12  Zealot x2  
  83  8:24  Mothership Core (Chrono Boost)  
  79  8:29  Zealot x3  
  79  8:30  Zealot  
  79  8:31  Zealot  
  87  8:39  Zealot  
  87  8:40  Zealot  
  89  8:53  Charge (Chrono Boost)  
  79  8:56  Zealot x2  
  79  8:57  Zealot  
  79  8:58  Zealot x2  
  81  9:06  Zealot  
  81  9:07  Zealot  
  79  9:23  Zealot x2  
  79  9:24  Zealot  
  83  9:25  Zealot x2  
  87  9:33  Zealot  
  87  9:34  Zealot  
  89  9:50  Zealot x2  
  89  9:51  Zealot  
  89  9:52  Zealot x2  
  77  10:01  Zealot x2  
  73  10:17  Zealot  
  73  10:18  Zealot x2  
  73  10:19  Zealot x2  
  79  10:28  Zealot x2  
  81  10:37  Pylon  
  81  10:39  Pylon  
  81  10:45  Zealot x3  
  81  10:46  Zealot x2  
  91  10:55  Zealot x2  
  95  10:59  Photon Cannon  
  95  11:02  Photon Cannon  
  93  11:12  Zealot x3  
  93  11:13  Zealot x2  
  99  11:22  Zealot x2  
  87  11:39  Zealot x3  
  93  11:40  Zealot  
  93  11:47  Zealot  
  97  11:58  Zealot x2  
  101  12:08  Zealot  
Show
View Real Time Build Order
Export as new Build Order

Duran Protoss 

Build Orders:  

Get SALT Encoding   

  12  0:05  Probe (Chrono Boost)  
  13  0:16  Probe (Chrono Boost)  
  14  0:21  Pylon  
  14  0:27  Probe (Chrono Boost)  
  15  0:40  Probe (Chrono Boost)  
  15  0:42  Gateway  
  16  0:50  Probe (Chrono Boost)  
  17  0:58  Assimilator  
  17  1:01  Probe (Chrono Boost)  
  19  1:11  Probe (Chrono Boost)  
  19  1:22  Probe (Chrono Boost), Gateway  
  20  1:30  Cybernetics Core  
  20  1:32  Zealot  
  22  1:43  Probe (Chrono Boost)  
  23  2:01  Nexus  
  23  2:09  Pylon  
  23  2:10  Warp Gate (Chrono Boost)  
  23  2:27  Adept  
  23  2:28  Pylon  
  25  2:31  Mothership Core (Chrono Boost)  
  25  2:33  Zealot  
  29  2:46  Assimilator  
  29  2:50  Probe (Chrono Boost)  
  30  2:57  Adept  
  32  3:00  Probe (Chrono Boost), Adept  
  35  3:11  Probe (Chrono Boost)  
  36  3:25  Stalker (Chrono Boost)  
  38  3:27  Stalker (Chrono Boost)  
  40  3:38  Gateway  
  40  3:45  Robotics Facility  
  40  3:46  Probe  
  45  4:03  Adept (Chrono Boost)  
  45  4:06  Adept (Chrono Boost)  
  45  4:09  Gateway  
  45  4:13  Probe  
  46  4:30  Forge  
  46  4:46  Observer  
  47  5:07  Immortal (Chrono Boost)  
  51  5:19  Sentry  
  53  5:28  Protoss Ground Weapons Level 1, Pylon  
  53  5:29  Pylon  
  53  5:36  Pylon  
  53  6:00  Warp Prism (Chrono Boost)  
  53  6:02  Stalker x2  
  59  6:04  Stalker  
  59  6:07  Zealot  
  63  6:31  Immortal (Chrono Boost)  
  66  6:49  Adept x2  
  66  6:50  Adept x2  
  74  7:05  Immortal (Chrono Boost)  
  78  7:22  Pylon  
  78  7:24  Pylon  
  78  7:26  Pylon  
  78  7:33  Pylon  
  70  7:46  Sentry x4  
  52  8:31  Adept x4  
  44  9:00  Adept  
  44  9:01  Adept x3  
  50  9:33  Adept x4  
  62  9:38  Immortal (Chrono Boost)  
  40  10:12  Immortal (Chrono Boost)  
  44  10:18  Zealot  
  44  10:19  Zealot x3  
  37  10:40  Gateway  
  37  10:42  Gateway  
  37  10:43  Adept x3, Gateway  
  37  10:44  Adept  
  37  10:47  Gateway, Immortal (Chrono Boost)  
  49  10:50  Gateway  
  49  10:59  Probe  
  49  11:00  Probe  
  51  11:11  Probe  
  50  11:12  Probe  
  45  11:23  Probe  
  45  11:25  Probe  
  47  11:35  Probe, Sentry  
  47  11:36  Sentry x2  
  47  11:37  Probe  
  53  12:01  Nexus  
  53  12:06  Adept x3  
Tags
 
Add a new tag
Caveats
  • Supply blocks, unpowered buildings, or Contaminate may cause inaccurate times.
  • Supply counts are checked every 10 seconds.